 Dungeon Crawl Stone Soup version 0.13-a0-2590-g8c14591 (webtiles) character file.

110102 Psiweapon the Severer (level 16, -3/133 HPs)
             Began as a Minotaur Fighter on July 31, 2013.
             Was a High Priest of Okawaru.
             Slain by Mara
             ... wielding a +5,+0 demon blade of draining
              (12 damage)
             ... on Level 4 of the Swamp on Aug 2, 2013.
             The game lasted 04:22:35 (34186 turns).

Psiweapon the Severer (Minotaur Fighter)           Turns: 34186, Time: 04:22:35

HP  -3/133       AC 29     Str 27      XL: 16   Next:  0%
MP  28/28        EV  8     Int  5      God: Okawaru [*****.]
Gold 2597        SH 31     Dex 13      Spells:  0 memorised, 15 levels left

Res.Fire  : + . .   See Invis. : .   a - +4,+5 broad axe (chop)
Res.Cold  : + . .   Warding    : .   h - +2 plate armour {rC+}
Life Prot.: . . .   Conserve   : .   c - +2 elf shield
Res.Poison: +       Res.Corr.  : .   (helmet unavailable)
Res.Elec. : .       Clarity    : +   O - +0 cloak {rPois}
Sust.Abil.: . .     Spirit.Shd : .   z - +2 pair of gauntlets {Dex+3}
Res.Mut.  : .       Stasis     : .   T - +2 pair of elf boots
Res.Rott. : .       Flight     : .   q - amulet of clarity
Saprovore : . . .                    Z - ring of protection from fire
                                     A - +0,+7 ring of slaying

@: about to teleport, very slightly contaminated, heroism, finesse, drained,
somewhat resistant to hostile enchantments, extremely unstealthy
A: retaliatory headbutt, horns 3, Dex -1
a: Heroism, Finesse, Renounce Religion


You were on level 4 of the Swamp.
You worshipped Okawaru.
Okawaru was exalted by your worship.
You were very hungry.

You visited 5 branches of the dungeon, and saw 30 of its levels.
You also visited: Labyrinth and Ice Cave.

You collected 3025 gold pieces.
You spent 448 gold pieces at shops.

Inventory:

Hand weapons
 a - a +4,+5 broad axe of chopping (weapon)
 j - a +3,+3 demon blade of flaming
 K - a +1,+0 demon whip of venom
Armour
 c - a +2 elven shield (worn)
 h - a +2 plate armour of cold resistance (worn)
 p - a +1 buckler of cold resistance
 z - a +2 pair of gauntlets of dexterity (worn)
 G - the +2 pair of boots of Activism {MR++ Acc+4 Dam-3}
   (You found it on level 3 of the Lair of Beasts)

   It affects your accuracy (+4).
   It affects your damage-dealing abilities (-3).
   It affects your resistance to hostile enchantments.
 O - a +0 cloak of poison resistance (worn)
 T - a +2 pair of elven boots (worn)
Magical devices
 f - a wand of teleportation (1)
 F - a wand of disintegration (14)
 H - a wand of slowing (10)
 U - a wand of flame (10)
 Y - a wand of confusion (11)
Comestibles
 d - 7 bread rations
 s - 9 meat rations
Scrolls
 i - 2 scrolls of teleportation
 m - 2 scrolls of identify
 o - a scroll of fear
 v - 2 scrolls of fog
 E - 4 scrolls of remove curse
 N - 2 scrolls of silence
Jewellery
 g - an uncursed ring of protection from magic
 k - an uncursed ring of teleportation
 l - an uncursed ring of positive energy
 q - an amulet of clarity (around neck)
 x - an uncursed ring of protection from cold
 y - an uncursed ring of protection from magic
 A - a +0,+7 ring of slaying (left hand)
 D - an uncursed amulet of stasis
 M - an uncursed ring of positive energy
 P - an uncursed ring of see invisible
 Q - an uncursed ring of protection from cold
 S - an uncursed amulet of warding
 X - an uncursed ring of teleport control
 Z - a ring of protection from fire (right hand)
Potions
 r - 5 potions of curing
 t - 2 potions of magic
 u - a potion of invisibility
 B - a potion of berserk rage
 C - 3 potions of flight
 L - 2 potions of restore abilities
 R - 8 potions of resistance
Miscellaneous
 e - a disc of storms
 w - a fan of gales
 W - a lamp of fire
Rods
 b - a -3 rod of venom (12/12)
   (You found it on level 1 of the Swamp)
 n - a +6 lightning rod (11/11)
   (You found it on level 8 of the Lair of Beasts)
 J - a +2 rod of striking (8/8)
   (You found it in a labyrinth)
 V - a +8 rod of inaccuracy (15/15)
   (You took it off a minotaur in a labyrinth)


   Skills:
 - Level 10.4(14.9) Fighting
 - Level 16.7(21.1) Axes
 - Level 15.4(19.8) Maces & Flails
 - Level 13.0(17.5) Armour
 - Level 10.2(14.7) Shields
 - Level 11.4(10.9) Invocations
 + Level 13.3(12.8) Evocations


You had 15 spell levels left.
You didn't know any spells.

Dungeon Overview and Level Annotations

Branches:
Dungeon (13/27)            Temple (1/1) D:4             Orc (4/4) D:7
    Elf (0/3) Orc:4          Lair (8/8) D:12          Swamp (4/5) Lair:6
 Spider (0/5) Lair:3        Slime (0/6) Lair:6

Altars:
Ashenzari
Cheibriados
Elyvilon
Fedhas
Kikubaaqudgha
Makhleb
Nemelex Xobeh
Okawaru
Sif Muna
Trog
Vehumet
Xom
Yredelemnul
Zin
the Shining One
Beogh

Shops:
D:7: [ D:12: * Orc:3: [ Orc:4: %*+*

Annotations
D:7 exclusion: 4 doors
Lair:5 2 exclusions
Lair:7 1 exclusion
Swamp:4 Mara


Innate Abilities, Weirdness & Mutations

You reflexively headbutt those who attack you in melee.
You have a pair of large horns on your head.
Your muscles are strong, but stiff (Str +1, Dex -1).
You are weak (Str -1).


Message History

* * * LOW HITPOINT WARNING * * *
Unknown command.
You hit Mara. Your headbutt misses Mara.
Mara is moderately wounded.
You slash Mara!
Mara is lightly wounded.
Unknown command.
Drink which item? (? for menu, Esc to quit)
You're too hungry to go berserk.
Read which item? (? for menu, Esc to quit)
As you read the scroll of teleportation, it crumbles to dust.
You feel strangely unstable. Mara barely misses you.
Mara hits you but does no damage.
You feel drained.
Mara boasts, "I am lord over the four continents and the two thousand adjacent isles."
You hit Mara.
Mara is moderately wounded.
You miss Mara. Your headbutt misses Mara.
Mara is lightly wounded.
Mara hits you with a demon blade of draining!
You die...

.≈♣ ;≈...♣♣♣ ♣♣♣♣ ≈..≈≈≈≈.♣♣♣
♣♣♣♣♣..♣♣ .≈≈≈≈≈≈...♣♣♣≈...≈≈.♣♣
≈≈≈≈≈≈≈≈.≈♣≈.≈≈§§≈≈.♣
≈≈≈≈≈≈≈≈≈.§≈≈≈§≈≈≈.♣ . ♣♣♣
♣≈≈≈≈≈≈≈≈≈≈≈≈§§§≈≈♣♣ ≈≈♣.≈
♣≈.≈≈≈≈≈.≈≈≈@§≈≈≈.♣ ♣♣♣≈≈≈..≈
♣.<..≈≈≈≈..RR≈≈.≈.♣♣..♣≈.≈♣♣≈
♣.≈≈≈≈≈≈≈≈≈.≈≈≈≈♣♣.♣≈≈≈..≈.♣≈≈
♣≈.≈≈≈≈≈...R.≈..♣♣♣≈≈≈≈.≈≈≈≈≈≈
≈≈..≈≈≈≈≈.≈≈..≈≈≈.♣♣.≈≈≈≈≈≈≈≈≈≈
≈≈....≈≈...≈≈≈≈≈≈≈♣♣♣≈≈≈≈≈≈≈≈≈≈≈
≈≈..≈..≈≈≈..≈≈≈≈≈..♣
♣.≈≈≈≈.≈≈≈≈≈ ♣♣....≈≈≈..≈≈≈≈..♣♣
♣≈≈≈≈≈.≈≈≈≈. ...♣≈§≈♣..≈≈≈≈♣♣♣
♣.≈≈≈≈...≈..


You could see 3 Maras.

Vanquished Creatures
  Frances (Swamp:4)
  Kirke (Swamp:2)
  Donald (Lab)
  Aizul (Swamp:2)
  An orc warlord (D:7)
  6 dire elephants (Lair:8)
  A minotaur (Lab)
  11 hydras
  Fannar (Lair:2)
  Harold (D:12)
  An anaconda (Lair:8)
  Nessos (D:12)
  6 death yaks (Lair:8)
  Erica (D:12)
  5 alligators
  An ogre mage (Orc:3)
  A very ugly thing (Swamp:2)
  5 orc high priests
  Nergalle (Orc:4)
  A catoblepas (Lair:5)
  3 hill giants
  4 swamp dragons
  An ice statue (IceCv)
  16 orc knights
  A necromancer (IceCv)
  3 griffons
  5 orc sorcerers (Orc:4)
  2 red wasps
  2 sixfirhies (Orc:3)
  A cyclops (D:12)
  Maurice (Orc:4)
  4 elephants (Lair:8)
  4 black mambas
  A smoke demon (Orc:4)
  Psyche (Orc:1)
  14 spiny frogs
  A hellwing (Orc:4)
  An iron devil (Orc:3)
  6 komodo dragons
  3 two-headed ogres
  5 trolls
  A red devil (Orc:4)
  A polar bear (Lair:4)
  8 blink frogs
  A wolf spider simulacrum (IceCv)
  Sonja (Orc:3)
  9 bog bodies
  7 slime creatures
  A catoblepas skeleton (D:11)
  4 giant leeches
  5 baby alligators (Swamp:3)
  A boulder beetle (Lair:6)
  A grizzly bear (Lair:4)
  2 basilisks
  A deep elf mage (Orc:4)
  A merfolk (D:7)
  4 hippogriffs
  2 elephant slugs
  A shadow (D:11)
  A hungry ghost (D:10)
  2 redbacks (Lair:8)
  25 yaks
  A tarantella (Lair:8)
  22 vampire mosquitoes
  A steam dragon (D:12)
  2 wyverns
  2 manticores
  26 swamp worms
  4 hogs (Swamp:2)
  2 necrophages
  13 wolves
  5 porcupines
  8 swamp drakes
  14 freezing wraiths (IceCv)
  2 sky beasts
  34 orc warriors
  11 ice beasts
  15 ogres
  4 phantoms
  A yellow wasp (D:10)
  3 giant goldfish
  A black bear (Lair:4)
  3 boring beetles
  13 crocodiles
  17 wargs
  2 big kobolds
  A spriggan simulacrum (IceCv)
  9 centaurs
  20 water moccasins
  11 giant slugs
  Blork the orc (D:8)
  18 giant frogs
  5 agate snails
  50 insubstantial wisps
  2 eyes of draining
  8 jellyfish
  A hippogriff skeleton (D:11)
  3 wights (D:9)
  17 electric eels
  10 crimson imps
  9 killer bees
  9 hounds
  An elephant simulacrum (IceCv)
  7 big fish
  3 centaur skeletons
  25 orc priests
  3 scorpions
  35 orc wizards
  2 quasits
  10 iguanas
  4 spectral orcs (Orc:4)
  6 troll simulacra (IceCv)
  A wolf simulacrum (IceCv)
  10 worker ants
  5 centaur simulacra (IceCv)
  4 sheep (D:12)
  A sky beast zombie (D:10)
  An ogre skeleton (D:7)
  4 jellies
  A big kobold skeleton (D:12)
  A polar bear simulacrum (IceCv)
  2 mummies
  An ogre simulacrum (IceCv)
  17 adders
  5 gnolls
  43 green rats
  4 draconian simulacra (IceCv)
  A naga simulacrum (IceCv)
  12 white imps (IceCv)
  7 giant centipedes
  5 giant mites
  7 worms
  2 orc zombies (Orc:4)
  3 giant eyeballs
  4 giant geckos
  2 oozes (D:1)
  209 orcs
  3 ball pythons
  A bat zombie (D:5)
  2 giant cockroaches
  39 goblins
  23 hobgoblins
  19 jackals
  19 kobolds
  11 quokkas
  20 bats
  4 giant newts
  A giant spore (D:6)
  A kobold zombie (D:6)
  An orc skeleton (D:10)
  A quokka skeleton (D:6)
  20 rats
  A rat skeleton (D:4)
  7 ballistomycetes (D:6)
  A bush (D:11)
  A butterfly (D:4)
  7 fungi
  4 plants
1220 creatures vanquished.

Vanquished Creatures (collateral kills)
  An orc knight (D:7)
  3 yaks (Lair:7)
  A troll simulacrum (IceCv)
  A naga simulacrum (IceCv)
6 creatures vanquished.

Vanquished Creatures (others)
  2 air elementals (D:7)
  2 fire elementals (IceCv)
  An insubstantial wisp (Swamp:2)
  An orc (D:7)
  A giant cockroach (D:6)
  2 plants (Lair:8)
9 creatures vanquished.

Grand Total: 1235 creatures vanquished

Notes
Turn   | Place    | Note
--------------------------------------------------------------
     0 | D:1      | Psiweapon, the Minotaur Fighter, began the quest for the Orb.
     0 | D:1      | Reached XP level 1. HP: 19/19 MP: 0/0
     4 | D:1      | Noticed a shark
     4 | D:1      | Noticed a shark
   246 | D:1      | Reached XP level 2. HP: 24/26 MP: 0/0
   332 | D:1      | Reached skill level 4 in Shields
   751 | D:2      | Reached XP level 3. HP: 33/33 MP: 1/1
  1414 | D:3      | Reached XP level 4. HP: 19/40 MP: 1/1
  1636 | D:3      | Found a white marble altar of Elyvilon.
  1891 | D:4      | Found a staircase to the Ecumenical Temple.
  1900 | Temple   | Entered the Ecumenical Temple
  2099 | D:4      | Paralysed by a giant eyeball for 4 turns
  2138 | D:3      | Reached XP level 5. HP: 11/47 MP: 1/1
  2160 | D:3      | Reached skill level 5 in Fighting
  2463 | D:3      | Reached skill level 5 in Shields
  2608 | D:3      | Found a snail-covered altar of Cheibriados.
  2860 | D:4      | Reached skill level 5 in Armour
  2913 | D:4      | Reached XP level 6. HP: 53/53 MP: 2/2
  3073 | D:4      | Found a sparkling altar of Nemelex Xobeh.
  3093 | D:4      | Noticed an ogre
  3133 | D:4      | Killed an ogre
  3133 | D:4      | Reached skill level 5 in Axes
  3187 | D:4      | Noticed a phantom
  3217 | D:4      | Killed a phantom
  3217 | D:4      | Reached skill level 6 in Armour
  3247 | D:5      | Entered Level 5 of the Dungeon
  3264 | D:5      | Found an iron altar of Okawaru.
  3265 | D:5      | Paralysed by a giant eyeball for 4 turns
  3283 | D:5      | Reached XP level 7. HP: 56/60 MP: 2/2
  3287 | D:5      | Became a worshipper of Warmaster Okawaru
  3838 | D:5      | Reached skill level 7 in Armour
  3851 | D:5      | Gained mutation: You have a pair of large horns on your head. [mutagenic meat]
  3852 | D:5      | Gained mutation: Your muscles are strong, but stiff (Str +1, Dex -1). [mutagenic meat]
  3881 | D:5      | Upgraded the game from 0.13-a0-2584-g2e76cfd to 0.13-a0-2586-gd3544ab
  3965 | D:5      | Acquired Okawaru's first power
  4018 | D:6      | Reached XP level 8. HP: 64/68 MP: 2/2
  4107 | D:6      | Reached skill level 8 in Armour
  4716 | D:6      | Found a glowing golden altar of the Shining One.
  4716 | D:6      | Found an ancient bone altar of Kikubaaqudgha.
  4819 | D:6      | Reached skill level 9 in Armour
  5045 | D:6      | Found a snail-covered altar of Cheibriados.
  5259 | D:7      | Reached skill level 10 in Armour
  5259 | D:7      | Reached XP level 9. HP: 63/73 MP: 3/3
  5292 | D:7      | Found a blossoming altar of Fedhas.
  5578 | D:7      | Found a blossoming altar of Fedhas.
  5587 | D:7      | Noticed a merfolk
  5603 | D:7      | Killed a merfolk
  5603 | D:7      | Reached skill level 10 in Axes
  5679 | D:7      | Reached skill level 1 in Invocations
  5679 | D:7      | Reached skill level 1 in Evocations
  5882 | D:7      | Found a sparkling altar of Nemelex Xobeh.
  5966 | D:7      | Found a staircase to the Orcish Mines.
  5967 | D:7      | Found Zeubach's Armour Shop.
  6093 | D:7      | Found a shattered altar of Ashenzari.
  6582 | D:7      | Noticed an orc knight
  6652 | D:7      | Killed an orc knight
  6652 | D:7      | Reached skill level 5 in Invocations
  6652 | D:7      | Reached XP level 10. HP: 17/81 MP: 9/11
  6987 | D:7      | Reached skill level 5 in Evocations
  7063 | D:7      | Noticed an orc warlord
  7067 | D:7      | Noticed an orc knight
  7074 | D:7      | Noticed an orc knight
  7079 | D:7      | Noticed an orc knight
  8101 | D:8      | Noticed Blork the orc
  8127 | D:8      | Killed Blork the orc
  8601 | D:10     | Entered Level 10 of the Dungeon
  8824 | D:9      | Acquired Okawaru's second power
 10206 | D:7      | Killed an orc knight
 10206 | D:7      | Reached XP level 11. HP: 50/92 MP: 15/15
 10217 | D:7      | Killed an orc warlord
 10574 | D:7      | Killed an orc knight
 10657 | D:7      | Noticed an orc knight
 10670 | D:7      | Killed an orc knight
 11325 | D:10     | Noticed a hill giant
 11336 | D:10     | Killed a hill giant
 11579 | D:10     | Paralysed by a giant eyeball for 2 turns
 11582 | D:10     | Paralysed by a giant eyeball for 3 turns
 12015 | D:11     | Received a gift from Okawaru
 12015 | D:11     | Reached skill level 10 in Fighting
 12029 | D:11     | Reached skill level 10 in Shields
 12742 | D:12     | Noticed Erica
 12743 | D:12     | Noticed Harold
 13205 | D:13     | Noticed a hill giant
 13218 | D:13     | Killed a hill giant
 13218 | D:13     | Reached skill level 11 in Axes
 13243 | D:13     | Noticed a hill giant
 13251 | D:13     | Killed a hill giant
 13288 | D:12     | Noticed Nessos
 13679 | D:12     | Reached skill level 12 in Axes
 13694 | D:12     | Killed Harold
 13694 | D:12     | Reached XP level 12. HP: 86/103 MP: 18/18
 13819 | D:12     | Killed Erica
 13983 | D:12     | Reached skill level 13 in Axes
 14056 | D:12     | Killed Nessos
 14538 | D:12     | Found Doruyff's Serpentskin Sales.
 14764 | D:12     | Found a staircase to the Lair.
 14773 | Lair:1   | Entered Level 1 of the Lair of Beasts
 15008 | Lair:1   | Reached skill level 14 in Axes
 15489 | Lair:2   | Received a gift from Okawaru
 15592 | Lair:2   | Noticed Fannar
 15601 | Lair:2   | Killed Fannar
 15601 | Lair:2   | Reached skill level 15 in Axes
 16145 | Lair:3   | Noticed a seven-headed hydra
 16156 | Lair:3   | Found a hole to the Spider Nest.
 16167 | Lair:3   | Killed a three-headed hydra
 16218 | Lair:3   | Got a pair of polished boots
 16221 | Lair:3   | Identified the +2 pair of boots of Activism {MR++ Acc+4 Dam-3} (You found it on level 3 of the Lair of Beasts)
 16273 | Lair:3   | Reached skill level 16 in Axes
 16999 | Lair:5   | Found a labyrinth entrance.
 17008 | Lab      | Entered a labyrinth
 17186 | Lab      | Found an exit through the horrors of the Abyss.
 17203 | Lab      | Noticed Donald
 17214 | Lab      | Killed Donald
 17214 | Lab      | Received a gift from Okawaru
 17541 | Lab      | Noticed a minotaur
 17550 | Lab      | Killed a minotaur
 17550 | Lab      | Reached XP level 13. HP: 71/110 MP: 11/18
 17578 | Lab      | Identified a +2 rod of striking (8/8) (You found it in a labyrinth)
 17579 | Lab      | Identified a +5 rod of inaccuracy (12/12) (You took it off a minotaur in a labyrinth)
 17599 | Lab      | Gained mutation: You are weak (Str -1). [mutagenic glow]
 17641 | Lab      | Got a faintly glowing great sword
 17648 | Lab      | Identified the great sword "Ysesiweo" {flame, rElec} (You found it in a labyrinth)
 19236 | Lair:5   | Received a gift from Okawaru
 19875 | Lair:6   | Noticed an acid blob
 19890 | Lair:6   | Found a staircase to the Slime Pits.
 19891 | Lair:6   | Noticed an acid blob
 20507 | Lair:6   | Found a staircase to the Swamp.
 21573 | Lair:8   | Entered Level 8 of the Lair of Beasts
 21607 | Lair:8   | Received a gift from Okawaru
 21825 | Lair:8   | Got a fine amethyst amulet
 21828 | Lair:8   | Identified the amulet of Peutyoz {Inacc rF+} (You found it on level 8 of the Lair of Beasts)
 21925 | Lair:8   | Reached skill level 10 in Evocations
 22010 | Lair:8   | Upgraded the game from 0.13-a0-2586-gd3544ab to 0.13-a0-2590-g8c14591
 22070 | Lair:8   | Reached skill level 1 in Maces & Flails
 22211 | Lair:8   | Reached XP level 14. HP: 115/118 MP: 23/23
 22372 | Lair:8   | Received a gift from Okawaru
 22491 | Lair:8   | Reached skill level 5 in Maces & Flails
 22683 | Lair:8   | Reached skill level 10 in Invocations
 23652 | Orc:1    | Entered Level 1 of the Orcish Mines
 23682 | Orc:1    | Found a frozen archway.
 23708 | IceCv    | Entered an ice cave
 23966 | IceCv    | Found an ancient bone altar of Kikubaaqudgha.
 24141 | IceCv    | Identified Sif Muna's Tome of the Glacier
 24256 | Orc:1    | Noticed Psyche
 24259 | Orc:1    | Killed Psyche
 24259 | Orc:1    | Reached skill level 10 in Maces & Flails
 24399 | Orc:1    | Found a roughly hewn altar of Beogh.
 25803 | Orc:3    | Received a gift from Okawaru
 25854 | Orc:2    | Found a roughly hewn altar of Beogh.
 26720 | Orc:3    | Found a shimmering altar of Xom.
 26756 | Orc:4    | Entered Level 4 of the Orcish Mines
 27063 | Orc:4    | Found Kuum's Food Shop.
 27162 | Orc:4    | Found Khuix's General Store.
 27348 | Orc:4    | Found Blistrao's General Store.
 27356 | Orc:4    | Found Suusagg's Book Shoppe.
 27377 | Orc:4    | Bought a scroll of remove curse for 36 gold pieces
 27377 | Orc:4    | Bought a scroll of identify for 24 gold pieces
 27388 | Orc:4    | Bought a scroll of fear for 52 gold pieces
 27388 | Orc:4    | Bought a scroll of identify for 30 gold pieces
 27391 | Orc:4    | Bought a bread ration for 56 gold pieces
 27391 | Orc:4    | Bought a bread ration for 56 gold pieces
 27391 | Orc:4    | Bought a meat ration for 56 gold pieces
 27391 | Orc:4    | Bought a meat ration for 56 gold pieces
 27391 | Orc:4    | Bought a bread ration for 56 gold pieces
 27532 | Orc:4    | Noticed Nergalle
 27540 | Orc:4    | Killed Nergalle
 27588 | Orc:4    | Noticed Maurice
 27602 | Orc:4    | Killed Maurice
 27620 | Orc:4    | Found a staircase to the Elven Halls.
 28210 | Orc:3    | Received a gift from Okawaru
 28397 | Orc:3    | Reached XP level 15. HP: 34/125 MP: 18/25
 28918 | Orc:3    | Found Vyn Ocen's Antique Armour Shoppe.
 29021 | Orc:3    | Bought a pair of runed gauntlets for 26 gold pieces
 29208 | Orc:3    | Noticed Sonja
 29237 | Orc:3    | Killed Sonja
 29874 | Swamp:1  | Entered Level 1 of the Swamp
 30259 | Swamp:1  | Reached skill level 15 in Maces & Flails
 30688 | Swamp:1  | Identified a -3 rod of venom (12/12) (You found it on level 1 of the Swamp)
 31360 | Swamp:2  | Noticed Kirke
 31507 | Swamp:2  | Killed Kirke
 31514 | Swamp:2  | Received a gift from Okawaru
 31743 | Swamp:2  | Noticed Aizul
 31772 | Swamp:2  | Killed Aizul
 33467 | Swamp:4  | Noticed Mara
 34106 | Swamp:4  | Noticed Frances
 34116 | Swamp:4  | Killed Frances
 34160 | Swamp:4  | Reached XP level 16. HP: 100/133 MP: 28/28
 34181 | Swamp:4  | Noticed Mara
 34181 | Swamp:4  | Noticed Mara
 34186 | Swamp:4  | Slain by Mara

Action                   |  1- 3 |  4- 6 |  7- 9 | 10-12 | 13-15 | 16-18 || total
-------------------------+-------+-------+-------+-------+-------+-------++-------
Melee: Hand axe          |    95 |   159 |   483 |   238 |       |       ||   975
       Spear             |       |       |     4 |       |       |       ||     4
       Broad axe         |       |       |       |   624 |  1273 |    11 ||  1908
       Long sword        |       |       |       |     6 |       |       ||     6
       Scimitar          |       |       |       |     8 |       |       ||     8
       War axe           |       |       |       |     4 |       |       ||     4
       Rod               |       |       |       |       |    62 |       ||    62
       Demon blade       |       |       |       |       |    16 |       ||    16
Throw: Club              |     6 |       |       |       |       |       ||     6
       Dart              |     8 |       |       |       |       |       ||     8
       Spear             |     4 |    11 |    21 |     6 |       |       ||    42
       Javelin           |       |       |       |     7 |     5 |       ||    12
Invok: Heroism           |       |       |     2 |     7 |     7 |       ||    16
       Finesse           |       |       |       |     3 |     6 |       ||     9
 Abil: Evoke Teleport Co |       |       |       |       |     1 |       ||     1
Evoke: Deck              |       |     1 |       |       |       |       ||     1
       Wand              |       |       |     6 |    48 |    10 |     2 ||    66
       Miscellaneous     |       |       |       |     1 |     2 |       ||     3
       Rod               |       |       |       |       |    64 |       ||    64
  Use: Potion            |       |     5 |     2 |     6 |    14 |     1 ||    28
       Scroll            |       |       |     5 |    24 |    21 |     1 ||    51
 Stab: Invisible         |       |       |     1 |     3 |       |       ||     4
       Confused          |       |       |       |     1 |       |       ||     1
